[Event "ICC tourney 2532 (25 5)"]
[Site "Internet Chess Club"]
[Date "2021.04.25"]
[Round "7"]
[White "STORM GALE, LIAM:K12-16845608"]
[Black "CAMPBELL EDELSTEIN, CONNOR:K12-15254082"]
[Result "1-0"]
[ICCResult "Black checkmated"]
[WhiteElo "1146"]
[BlackElo "547"]
[Opening "QGD Slav: 4.Nc3"]
[ECO "D15"]
[NIC "SL.03"]
[Time "15:01:06"]
[PlyCount "21"]
[TimeControl "1500+5"]

1. d4 c6 2. c4 d5 3. Nf3 Nf6 4. Nc3 Bg4 5. Ne5 Bf5 6. cxd5 cxd5 7. Qb3 e6
8. Qxb7 Nbd7 9. Nc6 Qb6 10. Qxa8+ Qd8 11. Qxd8# { Black checkmated } 1-0

[Event "ICC tourney 2532 (25 5)"]
[Site "Internet Chess Club"]
[Date "2021.04.25"]
[Round "7"]
[White "EL MOSELHY, ALI:K12-14881746"]
[Black "IYER, PRANAV:K12-15164384"]
[Result "0-1"]
[ICCResult "White resigns"]
[WhiteElo "1394"]
[BlackElo "1859"]
[Opening "English: symmetrical variation"]
[ECO "A30"]
[NIC "EO.34"]
[Time "15:01:00"]
[PlyCount "48"]
[TimeControl "1500+5"]

1. c4 c5 2. Nf3 Nc6 3. Nc3 g6 4. e3 Bg7 5. d4 cxd4 6. exd4 d6 7. Be3 Bg4 8.
Be2 Qb6 9. c5 dxc5 10. dxc5 Qxb2 11. Na4 Qxa1 12. Qxa1 Bxa1 13. O-O Bg7 14.
h3 Be6 15. Nc3 Bxc3 16. a4 Nf6 17. Rc1 Bb4 18. Nd4 Nxd4 19. Bxd4 Rd8 20.
Ba1 O-O 21. Rb1 a5 22. Bf3 Bd5 23. Bxd5 Rxd5 24. Bc3 Bxc3 { White resigns }
0-1

[Event "ICC tourney 2532 (25 5)"]
[Site "Internet Chess Club"]
[Date "2021.04.25"]
[Round "7"]
[White "VASIREDDY, SACHITH:K12-17163507"]
[Black "C FOX, NOLAN:K12-30126081"]
[Result "0-1"]
[ICCResult "White checkmated"]
[WhiteElo "169"]
[BlackElo "318"]
[Opening "Vienna: Falkbeer variation"]
[ECO "C26"]
[NIC "VG.04"]
[Time "15:01:25"]
[PlyCount "166"]
[TimeControl "1500+5"]

1. e4 e5 2. Nc3 Nf6 3. d3 d6 4. Nf3 Bg4 5. Bg5 Nc6 6. Be2 Be7 7. O-O h6 8.
Bxf6 Bxf6 9. Nd5 Bxf3 10. Nxf6+ Qxf6 11. Bxf3 Nd4 12. h3 O-O-O 13. a3 Rhe8
14. Be2 Nxe2+ 15. Qxe2 d5 16. Qf3 Qxf3 17. gxf3 dxe4 18. dxe4 Rd2 19. Kg2
Rxc2 20. Rfc1 Rxb2 21. Rcb1 Rxb1 22. Rxb1 Re6 23. Rd1 Ra6 24. Ra1 b5 25.
Kg3 b4 26. Kg4 bxa3 27. Kf5 a2 28. Kxe5 Ra5+ 29. Kd4 Ra4+ 30. Ke3 Ra3+ 31.
Kf4 Kd8 32. e5 Ke7 33. Kf5 c5 34. Ke4 c4 35. Kd4 c3 36. Kc4 c2 37. Kb4 Ra6
38. Kb3 Ke6 39. Kxc2 Kxe5 40. Kd3 Kf4 41. Ke2 Kg5 42. Rg1+ Kf6 43. Ra1 Kg5
44. Rg1+ Kf6 45. Ra1 Ke6 46. Ke3 Kf6 47. Kf4 Kg6 48. Kg4 h5+ 49. Kh4 f6 50.
f4 Kf5 51. Kg3 Ke4 52. f3+ Kd3 53. Kf2 Kc2 54. Ke3 Kb2 55. Rxa2+ Rxa2 56.
Ke4 Ra4+ 57. Kf5 Ra3 58. Kg6 Rxf3 59. Kxh5 Rxf4 60. Kg6 Rh4 61. Kxg7 Rxh3
62. Kxf6 Rb3 63. Ke6 a5 64. Kd5 a4 65. Kc4 a3 66. Kd5 a2 67. Ke6 a1=Q 68.
Kf6 Qa6+ 69. Kf5 Rf3+ 70. Ke4 Qf6 71. Kd5 Qf5+ 72. Kd6 Qf6+ 73. Kd5 Rf5+
74. Ke4 Qe5+ 75. Kd3 Qg3+ 76. Kd4 Rf4+ 77. Ke5 Qe3+ 78. Kd5 Qe5+ 79. Kc6
Rc4+ 80. Kd7 Qf6 81. Ke8 Qg7 82. Kd8 Ra4 83. Kc8 Ra8# { White checkmated }
0-1

[Event "ICC tourney 2532 (25 5)"]
[Site "Internet Chess Club"]
[Date "2021.04.25"]
[Round "7"]
[White "SINGH, ANISH:K12-16345003"]
[Black "MATTHEW PUDOL CALAUNAN, ANGELO:K12-17270737"]
[Result "0-1"]
[ICCResult "White resigns"]
[WhiteElo "1449"]
[BlackElo "879"]
[Opening "QGD: 4.Nf3"]
[ECO "D37"]
[NIC "QO.17"]
[Time "15:01:41"]
[PlyCount "32"]
[TimeControl "1500+5"]

1. d4 e6 2. Nf3 d5 3. c4 Nf6 4. Nc3 dxc4 5. e4 Bb4 6. Qc2 b5 7. Bxc4 Bxc3+
8. Qxc3 bxc4 9. Bg5 Nxe4 10. Bxd8 Nxc3 11. Bxc7 Nd5 12. Ba5 Nc6 13. Bd2 O-O
14. Rc1 Ba6 15. b3 cxb3 16. Rxc6 b2 { White resigns } 0-1

[Event "ICC tourney 2532 (25 5)"]
[Site "Internet Chess Club"]
[Date "2021.04.25"]
[Round "7"]
[White "RAINEY, ERIK:K12-16504721"]
[Black "LEWIS, CHERISH:K09-17283122"]
[Result "1-0"]
[ICCResult "Black checkmated"]
[WhiteElo "735"]
[BlackElo "274"]
[Opening "Philidor's defense"]
[ECO "C41"]
[NIC "KP.08"]
[Time "15:00:20"]
[PlyCount "53"]
[TimeControl "1500+5"]

1. e4 e5 2. Nf3 d6 3. d4 f6 4. dxe5 fxe5 5. Bc4 h6 6. O-O Nf6 7. Nc3 Ng4 8.
Be2 h5 9. Ng5 Nc6 10. Bc4 Nd4 11. Nf7 Qd7 12. Nxh8 Qc6 13. Bf7+ Kd8 14.
Bxh5 Nf6 15. Bg5 Ne6 16. Nf7+ Kd7 17. Bxf6 gxf6 18. Bg4 Ke7 19. Bxe6 Kxe6
20. Qh5 Qe8 21. Ng5+ Ke7 22. Nd5+ Kd8 23. Nf7+ Qxf7 24. Qxf7 Bd7 25. Qxf8+
Be8 26. Qe7+ Kc8 27. Qxc7# { Black checkmated } 1-0

[Event "ICC tourney 2532 (25 5)"]
[Site "Internet Chess Club"]
[Date "2021.04.25"]
[Round "7"]
[White "KINDY, DANIEL:K12-16972036"]
[Black "GUPTA, ESHAN:K12-16099390"]
[Result "0-1"]
[ICCResult "White resigns"]
[WhiteElo "707"]
[BlackElo "1659"]
[Opening "Scotch game"]
[ECO "C45"]
[NIC "SO.05"]
[Time "15:00:34"]
[PlyCount "68"]
[TimeControl "1500+5"]

1. e4 e5 2. Nf3 Nc6 3. d4 exd4 4. Nxd4 Bc5 5. Be3 Qf6 6. c3 Bxd4 7. cxd4 d6
8. g3 Nge7 9. Bg2 O-O 10. O-O Re8 11. Nc3 Ng6 12. d5 Nce5 13. Bd4 Qd8 14.
Bxe5 Nxe5 15. Re1 Bd7 16. Ne2 Bg4 17. Qd2 Bf3 18. Qe3 Qf6 19. Nd4 Bxg2 20.
Kxg2 Ng4 21. Qf4 Qxf4 22. gxf4 Nf6 23. f3 Nh5 24. f5 Nf4+ 25. Kg3 Nd3 26.
Re2 Ne5 27. Rc1 Re7 28. Nb5 c6 29. dxc6 bxc6 30. Nxd6 Rd8 31. Rd1 Nc4 32.
e5 Rxe5 33. Rxe5 Nxe5 34. f4 Nc4 { White resigns } 0-1

[Event "ICC tourney 2532 (25 5)"]
[Site "Internet Chess Club"]
[Date "2021.04.25"]
[Round "7"]
[White "SAI BOLLU, RIKHIL:K12-15376418"]
[Black "BUKLIS, JOSEPH:K12-14880942"]
[Result "0-1"]
[ICCResult "White checkmated"]
[WhiteElo "922"]
[BlackElo "1494"]
[Opening "Konstantinopolsky opening"]
[ECO "C44"]
[NIC "KP.10"]
[Time "15:01:01"]
[PlyCount "40"]
[TimeControl "1500+5"]

1. e4 e5 2. Nf3 Nc6 3. g3 Bc5 4. Bg2 d6 5. Nc3 Nf6 6. O-O Bg4 7. d3 h6 8.
Nd5 Nxd5 9. exd5 Nd4 10. c3 Nxf3+ 11. Bxf3 Bh3 12. Re1 O-O 13. Be4 f5 14.
Qh5 fxe4 15. Qxh3 Bxf2+ 16. Kf1 Bxe1+ 17. Kxe1 exd3 18. Qe6+ Kh8 19. Bxh6
Qf6 20. Bd2 Qf1# { White checkmated } 0-1

[Event "ICC tourney 2532 (25 5)"]
[Site "Internet Chess Club"]
[Date "2021.04.25"]
[Round "7"]
[White "M KOPP, PATRICK:K12-16363146"]
[Black "SOLLINGER, SAMUEL:K12-16921437"]
[Result "0-1"]
[ICCResult "White resigns"]
[WhiteElo "967"]
[BlackElo "943"]
[Opening "Vienna game"]
[ECO "C25"]
[NIC "VG.04"]
[Time "15:00:24"]
[PlyCount "148"]
[TimeControl "1500+5"]

1. e4 e5 2. Nc3 Bc5 3. f4 exf4 4. Nf3 Nf6 5. e5 Ng4 6. d4 Be7 7. Bxf4 Bh4+
8. g3 Be7 9. Bc4 g5 10. Nxg5 Bxg5 11. Qxg4 Bxf4 12. Qxf4 Qe7 13. O-O Rf8
14. Nd5 Qd8 15. Nf6+ Ke7 16. Nxh7 Ke8 17. Nxf8 Qe7 18. Qxf7+ Qxf7 19. Rxf7
c6 20. Ng6 Kd8 21. Raf1 b5 22. Bb3 a5 23. Rf8+ Kc7 24. Ne7 Bb7 25. e6 dxe6
26. R1f7 Kb6 27. Bxe6 a4 28. Bc8 Bxc8 29. Nxc8+ Ka6 30. Rf6 b4 31. d5 Kb5
32. Nd6+ Kc5 33. Nb7+ Kxd5 34. Rd8+ Ke5 35. Rf2 b3 36. cxb3 axb3 37. Re2+
Kf6 38. Rf8+ Kg7 39. Rf4 bxa2 40. Re7+ Kg8 41. Re8+ Kg7 42. Re5 a1=Q+ 43.
Rf1 Qxb2 44. Rg5+ Kh6 45. h4 Qd4+ 46. Kg2 Ra2+ 47. Kh3 Qd7+ 48. Rff5 Rf2
49. Kg4 Qd4+ 50. Rf4 Rxf4+ 51. gxf4 Qd7+ 52. Rf5 Qxb7 53. Rf6+ Kg7 54. Kg5
Qb5+ 55. f5 Nd7 56. Rg6+ Kf7 57. h5 Ne5 58. Rf6+ Ke7 59. h6 Nf7+ 60. Kg6
Ne5+ 61. Kg7 Ng4 62. Rf7+ Kd6 63. h7 Qe5+ 64. Kg8 Nh6+ 65. Kf8 Nxf7 66.
Kxf7 Qxf5+ 67. Kg7 Qe5+ 68. Kg8 c5 69. h8=N Qxh8+ 70. Kxh8 c4 71. Kg8 c3
72. Kf8 c2 73. Ke8 c1=Q 74. Kd8 Qc7+ { White resigns } 0-1

[Event "ICC tourney 2532 (25 5)"]
[Site "Internet Chess Club"]
[Date "2021.04.25"]
[Round "7"]
[White "MILLER COY, MATTHEW:K12-14688435"]
[Black "SIVAKUMAR, NIKHIL:K12-15397264"]
[Result "1-0"]
[ICCResult "Black resigns"]
[WhiteElo "1954"]
[BlackElo "1464"]
[Opening "French: Winawer, advance variation"]
[ECO "C18"]
[NIC "FR.11"]
[Time "15:00:30"]
[PlyCount "37"]
[TimeControl "1500+5"]

1. d4 e6 2. e4 d5 3. Nc3 Bb4 4. e5 c5 5. a3 Bxc3+ 6. bxc3 Qa5 7. Bd2 Qa4 8.
Qg4 Kf8 9. h4 Ne7 10. h5 h6 11. Rh3 Nf5 12. Bd3 cxd4 13. Ne2 Nc6 14. Qf4 b6
15. g4 Nfe7 16. Rf3 Nd8 17. Nxd4 Kg8 18. Bb5 Qa5 19. c4 { Black resigns }
1-0

[Event "ICC tourney 2532 (25 5)"]
[Site "Internet Chess Club"]
[Date "2021.04.25"]
[Round "7"]
[White "Z HUANG, KYLAN:K12-15496871"]
[Black "JIN NELSON, MICHAEL:K12-16300942"]
[Result "1-0"]
[ICCResult "Black resigns"]
[WhiteElo "1868"]
[BlackElo "1388"]
[Opening "French: advance, Paulsen attack"]
[ECO "C02"]
[NIC "FR.03"]
[Time "15:00:31"]
[PlyCount "51"]
[TimeControl "1500+5"]

1. e4 e6 2. d4 d5 3. e5 c5 4. c3 Nc6 5. Nf3 Qb6 6. a3 a5 7. Bd3 Bd7 8. Bc2
Rc8 9. O-O Nh6 10. dxc5 Bxc5 11. Nbd2 Ng4 12. Qe2 f5 13. exf6 Nxf6 14. Nb3
O-O 15. Nxc5 Qxc5 16. Be3 Qe7 17. b4 axb4 18. cxb4 Qf7 19. Bc5 Rfe8 20. Ng5
Qh5 21. Qxh5 Nxh5 22. Bxh7+ Kh8 23. Bg6 Nf6 24. Nf7+ Kg8 25. Nd6 Ne4 26.
Bxe8 { Black resigns } 1-0

[Event "ICC tourney 2532 (25 5)"]
[Site "Internet Chess Club"]
[Date "2021.04.25"]
[Round "7"]
[White "WANG, LUCAS:K12-16797884"]
[Black "WOLF MILSTEIN, DAVID:K12-15780704"]
[Result "0-1"]
[ICCResult "White checkmated"]
[WhiteElo "548"]
[BlackElo "1253"]
[Opening "Four knights: Scotch, 4...exd4"]
[ECO "C47"]
[NIC "KP.06"]
[Time "15:01:45"]
[PlyCount "120"]
[TimeControl "1500+5"]

1. e4 e5 2. Nf3 Nc6 3. Nc3 Nf6 4. d4 exd4 5. Nxd4 Bc5 6. Nxc6 bxc6 7. Be3
Bxe3 8. fxe3 d5 9. exd5 cxd5 10. Qe2 O-O 11. g3 Rb8 12. b3 d4 13. Rd1 c5
14. Bg2 Re8 15. Rd3 Ba6 16. Bc6 Re7 17. O-O Bxd3 18. Qxd3 Rxe3 19. Qf5 Rxc3
20. g4 g6 21. Qxf6 Qxf6 22. Rxf6 Rxc2 23. Bd5 Rf8 24. a4 d3 25. Be4 Rc3 26.
Rd6 Rxb3 27. Bxd3 Rb4 28. Ra6 Rxg4+ 29. Kh1 Re8 30. h3 Rg3 31. Bb5 Re7 32.
Rc6 Rxh3+ 33. Kg2 Rc3 34. Rc8+ Kg7 35. Kf2 c4 36. Rxc4 Rxc4 37. Bxc4 f5 38.
Kf3 h5 39. Bb5 g5 40. Bd3 f4 41. Bf1 Re3+ 42. Kf2 g4 43. a5 h4 44. a6 Rf3+
45. Kg1 Rxf1+ 46. Kxf1 h3 47. Kg1 g3 48. Kh1 h2 49. Kg2 Kf6 50. Kh1 Ke6 51.
Kg2 Kd6 52. Kh1 Kc6 53. Kg2 Kb6 54. Kf3 h1=Q+ 55. Kxf4 g2 56. Ke5 g1=Q 57.
Kd6 Qc5+ 58. Ke6 Qh6+ 59. Kf7 Qc7+ 60. Kg8 Qhg7# { White checkmated } 0-1

[Event "ICC tourney 2532 (25 5)"]
[Site "Internet Chess Club"]
[Date "2021.04.25"]
[Round "7"]
[White "VINAY HIREMATH, ROMIR:K12-16455165"]
[Black "MERO, DANIEL:K12-15247388"]
[Result "0-1"]
[ICCResult "White checkmated"]
[WhiteElo "1191"]
[BlackElo "1858"]
[Opening "Sicilian defense"]
[ECO "B30"]
[NIC "SI.31"]
[Time "15:00:14"]
[PlyCount "70"]
[TimeControl "1500+5"]

1. e4 c5 2. Nf3 Nc6 3. c3 Nf6 4. d3 d6 5. Be3 g6 6. Nbd2 Bg7 7. d4 cxd4 8.
cxd4 O-O 9. Bd3 Nb4 10. Bb1 b6 11. a3 Nc6 12. d5 Ne5 13. Nxe5 dxe5 14. O-O
e6 15. dxe6 Bxe6 16. h3 Rc8 17. Qf3 Nd7 18. Rd1 Qe7 19. Nf1 Nc5 20. Bxc5
Rxc5 21. Ng3 Rfc8 22. Bd3 Bb3 23. Re1 Bc4 24. Rac1 Bxd3 25. Rxc5 Qxc5 26.
Qxd3 Qd4 27. Qa6 Rc2 28. Re2 Rc1+ 29. Kh2 Bh6 30. Qxa7 Bf4 31. Qb8+ Kg7 32.
Qb7 Qd1 33. Qxf7+ Kxf7 34. Re1 Qxe1 35. b4 Qh1# { White checkmated } 0-1

[Event "ICC tourney 2532 (25 5)"]
[Site "Internet Chess Club"]
[Date "2021.04.25"]
[Round "7"]
[White "WEIHENG CHENG, ADRIEN:K12-16318903"]
[Black "ELLIS, PRESTON:K12-16267430"]
[Result "1-0"]
[ICCResult "Black checkmated"]
[WhiteElo "1439"]
[BlackElo "733"]
[Opening "Bird's opening"]
[ECO "A03"]
[NIC "VO.07"]
[Time "15:02:06"]
[PlyCount "59"]
[TimeControl "1500+5"]

1. f4 d5 2. Nf3 Bf5 3. e3 Nf6 4. b3 e6 5. Bb2 Bd6 6. d4 O-O 7. Bd3 Bg6 8.
O-O Ng4 9. Qe2 Be4 10. Nbd2 f5 11. Ne5 Bxe5 12. fxe5 Qg5 13. Bxe4 fxe4 14.
Rxf8+ Kxf8 15. Rf1+ Kg8 16. Rf4 Nh6 17. Qf2 Nd7 18. c4 c6 19. Ba3 b6 20.
Bd6 Qh5 21. Qe1 Ng4 22. h3 Nh6 23. Qf1 Nf7 24. Ba3 c5 25. Kh2 Rf8 26. cxd5
exd5 27. e6 Ng5 28. exd7 Rxf4 29. d8=Q+ Rf8 30. Qfxf8# { Black checkmated }
1-0

[Event "ICC tourney 2532 (25 5)"]
[Site "Internet Chess Club"]
[Date "2021.04.25"]
[Round "7"]
[White "SUCHERMAN, ETHAN:K12-16996535"]
[Black "NICHOLAS, NASH:K12-14890410"]
[Result "0-1"]
[ICCResult "White checkmated"]
[WhiteElo "674"]
[BlackElo "1426"]
[Opening "Queen's pawn"]
[ECO "A40"]
[NIC "QO.17"]
[Time "15:02:06"]
[PlyCount "136"]
[TimeControl "1500+5"]

1. d4 e6 2. Nc3 Bb4 3. Bf4 d5 4. Qd3 Bd7 5. O-O-O Nc6 6. Nb5 Rc8 7. Nf3 a6
8. Nc3 Nf6 9. Ne5 Bxc3 10. Qxc3 Ne4 11. Qf3 O-O 12. e3 Nxe5 13. Bxe5 f6 14.
Bf4 Qe7 15. Bd3 Ng5 16. Bxg5 fxg5 17. Qh3 h6 18. e4 e5 19. Qe3 dxe4 20.
Qxe4 Bf5 21. Qd5+ Kh8 22. Qxb7 Bxd3 23. Rxd3 Rcd8 24. dxe5 Rxd3 25. cxd3
Qxe5 26. Qxa6 Rxf2 27. Qb7 Qc5+ 28. Kb1 Qc2+ 29. Ka1 Rxg2 30. Rb1 Rf2 31.
d4 Rxh2 32. d5 Rd2 33. a3 Kh7 34. Ka2 Qc4+ 35. Qb3 Qxd5 36. Qxd5 Rxd5 37.
b4 g4 38. b5 g3 39. a4 g2 40. a5 Rd2+ 41. Ka3 Rf2 42. a6 Rf1 43. a7 Rxb1
44. a8=Q g1=Q 45. Qc6 Ra1+ 46. Kb4 Qb1+ 47. Kc5 Qc1+ 48. Kd5 Qxc6+ 49. bxc6
Rc1 50. Ke6 Rxc6+ 51. Kd7 h5 52. Kxc6 h4 53. Kxc7 h3 54. Kd7 h2 55. Ke7
h1=Q 56. Kf7 Qf3+ 57. Ke8 Qf6 58. Kd7 g5 59. Ke8 Qg7 60. Kd8 Qf7 61. Kc8
Qe7 62. Kb8 Qd7 63. Ka8 Kg7 64. Kb8 Kf6 65. Ka8 Ke6 66. Kb8 Kd6 67. Ka8 Kc6
68. Kb8 Qb7# { White checkmated } 0-1

[Event "ICC tourney 2532 (25 5)"]
[Site "Internet Chess Club"]
[Date "2021.04.25"]
[Round "7"]
[White "LAD, DALTON:K12-16754385"]
[Black "AKELLA, NITIN:K12-15004804"]
[Result "0-1"]
[ICCResult "White resigns"]
[WhiteElo "1137"]
[BlackElo "1790"]
[Opening "Benoni: classical, 8.Bg5"]
[ECO "A71"]
[NIC "BI.19"]
[Time "15:01:45"]
[PlyCount "114"]
[TimeControl "1500+5"]

1. d4 Nf6 2. c4 e6 3. Nc3 c5 4. d5 exd5 5. cxd5 d6 6. Nf3 g6 7. Bg5 Bg7 8.
e4 O-O 9. Bd3 Bg4 10. h3 Bxf3 11. Qxf3 Re8 12. O-O-O a6 13. h4 h6 14. Be3
b5 15. g4 c4 16. Bc2 b4 17. Ne2 Qa5 18. Kb1 b3 19. axb3 cxb3 20. Bxb3 Nxe4
21. Bc2 Nc5 22. Bd4 Nbd7 23. Bxg7 Kxg7 24. Qc3+ Qxc3 25. Nxc3 Ne5 26. g5 h5
27. f4 Nc4 28. Ka2 Rab8 29. b3 Ne3 30. Rd2 Nxc2 31. Rxc2 Nxb3 32. Rb1 Nc5
33. Rxb8 Rxb8 34. Rb2 Rxb2+ 35. Kxb2 Nd3+ 36. Kc2 Nxf4 37. Ne4 Nxd5 38.
Nxd6 Nf4 39. Kd2 Ng2 40. Kd3 Nxh4 41. Ke4 Nf5 42. Nb7 h4 43. Kf3 f6 44.
gxf6+ Kxf6 45. Kg4 g5 46. Na5 Ne3+ 47. Kf3 h3 48. Kg3 g4 49. Nb3 Nf1+ 50.
Kf2 h2 51. Kg2 g3 52. Nc1 a5 53. Nd3 a4 54. Ne1 a3 55. Kh1 a2 56. Nc2 Ke5
57. Ne3 a1=Q { White resigns } 0-1

[Event "ICC tourney 2532 (25 5)"]
[Site "Internet Chess Club"]
[Date "2021.04.25"]
[Round "7"]
[White "FLORES, NANCY:K12-15939190"]
[Black "COLE HEINRICH, SAMUEL:K12-16207602"]
[Result "1/2-1/2"]
[ICCResult "Game drawn by repetition"]
[WhiteElo "407"]
[BlackElo "1068"]
[Opening "QGD: 4.Bg5"]
[ECO "D50"]
[NIC "QO.16"]
[Time "15:00:42"]
[PlyCount "76"]
[TimeControl "1500+5"]

1. d4 Nf6 2. c4 d5 3. Nc3 e6 4. Bg5 h6 5. Bxf6 gxf6 6. Nf3 c5 7. cxd5 exd5
8. e4 dxe4 9. Nxe4 cxd4 10. Nxd4 Bb4+ 11. Nc3 Qa5 12. Qe2+ Kf8 13. Qf3 Qe5+
14. Ne2 h5 15. a3 Bg4 16. Qd3 Bxe2 17. Bxe2 Bxc3+ 18. bxc3 Nc6 19. O-O Rg8
20. g3 h4 21. Rab1 Rd8 22. Qf3 Re8 23. Rfe1 hxg3 24. hxg3 Qc7 25. Qxf6
Rxg3+ 26. fxg3 Qxg3+ 27. Kf1 Qh3+ 28. Kf2 Qh2+ 29. Kf1 Qh3+ 30. Kg1 Qg3+
31. Kf1 Qh3+ 32. Kg1 Qg3+ 33. Kf1 Qh3+ 34. Kf2 Qh2+ 35. Kf3 Qh3+ 36. Kf2
Qh2+ 37. Kf1 Qh3+ 38. Kf2 Qh2+ { Game drawn by repetition } 1/2-1/2

[Event "ICC tourney 2532 (25 5)"]
[Site "Internet Chess Club"]
[Date "2021.04.25"]
[Round "7"]
[White "R PANUELOS, MIKE:K12-15240866"]
[Black "PALLIYATH, YUVRAJ:K12-17213791"]
[Result "0-1"]
[ICCResult "White checkmated"]
[WhiteElo "1137"]
[BlackElo "473"]
[Opening "Queen's pawn game, Darooha variation "]
[ECO "D02"]
[NIC "QP.08"]
[Time "15:02:38"]
[PlyCount "46"]
[TimeControl "1500+5"]

1. d4 d5 2. Nf3 Nf6 3. c4 e6 4. cxd5 exd5 5. Nc3 c6 6. Bg5 Be7 7. e3 O-O 8.
Bxf6 Bxf6 9. Bd3 g6 10. O-O Bg4 11. h3 Bxf3 12. Qxf3 Nd7 13. Rfe1 Re8 14.
e4 dxe4 15. Rxe4 Rxe4 16. Nxe4 Bxd4 17. Re1 Kg7 18. g4 Ne5 19. Qg3 Qd5 20.
Kf1 Re8 21. f4 Nxd3 22. Qxd3 c5 23. Nc3 Qh1# { White checkmated } 0-1

[Event "ICC tourney 2532 (25 5)"]
[Site "Internet Chess Club"]
[Date "2021.04.25"]
[Round "7"]
[White "RAPARTHI, ANKIT:K12-14686010"]
[Black "FRIDLYAND FRIDLYAND, DANIEL:K12-14634753"]
[Result "1-0"]
[ICCResult "Black resigns"]
[WhiteElo "2033"]
[BlackElo "1594"]
[Opening "English: Neo-Catalan"]
[ECO "A13"]
[NIC "RE.11"]
[Time "15:05:30"]
[PlyCount "79"]
[TimeControl "1500+5"]

1. Nf3 d5 2. c4 e6 3. g3 Nf6 4. Bg2 d4 5. O-O Be7 6. d3 O-O 7. e3 c5 8.
exd4 cxd4 9. Bg5 h6 10. Bxf6 Bxf6 11. b4 Nc6 12. b5 Ne5 13. Nxe5 Bxe5 14.
a4 Rb8 15. Nd2 b6 16. a5 bxa5 17. Nb3 Bc7 18. Qd2 Bb7 19. Bxb7 Rxb7 20.
Nxa5 Bxa5 21. Qxa5 Qxa5 22. Rxa5 Rc8 23. Rfa1 Rcc7 24. f4 f5 25. Ra6 Kf7
26. Rd6 Rd7 27. Raa6 Ke7 28. Rxe6+ Kf7 29. Re5 Rb6 30. Rxf5+ Ke6 31. Re5+
Kf6 32. Ra5 g5 33. Re4 gxf4 34. Rxf4+ Kg5 35. c5 Re6 36. c6 Rde7 37. b6+
Kg6 38. b7 Re1+ 39. Rf1 Rxf1+ 40. Kxf1 { Black resigns } 1-0

[Event "ICC tourney 2532 (25 5)"]
[Site "Internet Chess Club"]
[Date "2021.04.25"]
[Round "7"]
[White "NOAM KUTIKOV, JONAH:K12-15612157"]
[Black "DOMMALAPATI, AASA:K12-13778456"]
[Result "0-1"]
[ICCResult "White resigns"]
[WhiteElo "1564"]
[BlackElo "1997"]
[Opening "Sicilian: Smith-Morra gambit"]
[ECO "B21"]
[NIC "SI.48"]
[Time "15:01:05"]
[PlyCount "90"]
[TimeControl "1500+5"]

1. e4 c5 2. d4 cxd4 3. c3 dxc3 4. Nxc3 Nc6 5. Nf3 a6 6. Bc4 d6 7. O-O Nf6
8. e5 dxe5 9. Qxd8+ Nxd8 10. Nxe5 Be6 11. Bxe6 Nxe6 12. Rd1 g6 13. Be3 Bg7
14. f4 O-O 15. Nd7 Rfd8 16. Nxf6+ Bxf6 17. g3 Rxd1+ 18. Rxd1 Rd8 19. Nd5
Kg7 20. b3 Nc7 21. Nc3 Rxd1+ 22. Nxd1 Nb5 23. Bc5 Bd4+ 24. Bxd4+ Nxd4 25.
Nf2 Ne2+ 26. Kf1 Nc1 27. Ne4 Nxa2 28. Nc5 Nc1 29. b4 Na2 30. Nxb7 Nxb4 31.
Na5 Kf6 32. Ke2 Ke6 33. Kf3 Kd5 34. Kg4 Nc6 35. Nb3 a5 36. Kg5 a4 37. Nc1
h5 38. Kh6 a3 39. Kg7 Ke6 40. h4 Nb4 41. g4 hxg4 42. f5+ Kxf5 43. Kxf7 a2
44. Nxa2 Nxa2 45. Kxe7 g3 { White resigns } 0-1

[Event "ICC tourney 2532 (25 5)"]
[Site "Internet Chess Club"]
[Date "2021.04.25"]
[Round "7"]
[White "KOZINTSEV, DANIEL:K12-14508214"]
[Black "M LANCMAN, KALEB:K12-15146036"]
[Result "1-0"]
[ICCResult "Black resigns"]
[WhiteElo "755"]
[BlackElo "1839"]
[Opening "Queen's gambit accepted"]
[ECO "D20"]
[NIC "QG.03"]
[Time "15:01:38"]
[PlyCount "59"]
[TimeControl "1500+5"]

1. d4 d5 2. c4 dxc4 3. e3 Nf6 4. Bxc4 a6 5. Nf3 b5 6. Bd3 Bb7 7. O-O e6 8.
a4 b4 9. Qe2 Nbd7 10. Nbd2 c5 11. Nc4 Be7 12. e4 cxd4 13. e5 Nd5 14. Nxd4
Nc5 15. Bc2 O-O 16. Rd1 Qc7 17. Qg4 Rfd8 18. Bd2 Rac8 19. Rac1 Nd7 20. Bh6
g6 21. Nxe6 Qxc4 22. Qxc4 Rxc4 23. Nxd8 Bxd8 24. Bb3 Rxc1 25. Bxc1 N7b6 26.
a5 Nc8 27. Bxd5 Bxd5 28. Rxd5 Be7 29. Bd2 Kf8 30. Bxb4 { Black resigns }
1-0

[Event "ICC tourney 2532 (25 5)"]
[Site "Internet Chess Club"]
[Date "2021.04.25"]
[Round "7"]
[White "ARMIN DONG, CONNOR:K12-14608563"]
[Black "B LANCMAN, KYLE:K12-15146021"]
[Result "0-1"]
[ICCResult "White resigns"]
[WhiteElo "1676"]
[BlackElo "2049"]
[Opening "Sicilian: Alapin's variation (2.c3)"]
[ECO "B22"]
[NIC "SI.47"]
[Time "15:01:45"]
[PlyCount "96"]
[TimeControl "1500+5"]

1. e4 c5 2. c3 Nf6 3. e5 Nd5 4. d4 cxd4 5. cxd4 d6 6. Nc3 Nxc3 7. bxc3 dxe5
8. d5 g6 9. Nf3 Bg7 10. Bg5 e4 11. Nd4 Qxd5 12. Be3 O-O 13. Be2 Nc6 14. O-O
Nxd4 15. Bxd4 Bxd4 16. Qxd4 Qxd4 17. cxd4 Rd8 18. Rfd1 Be6 19. f3 exf3 20.
Bxf3 Bd5 21. Bxd5 Rxd5 22. Rab1 b6 23. Rbc1 Rad8 24. Rc7 R8d7 25. Rc8+ Kg7
26. Ra8 e5 27. Kf2 Rxd4 28. Rxd4 exd4 29. Ke2 d3+ 30. Kd2 h5 31. h4 Kf6 32.
g3 Kf5 33. Re8 Kg4 34. Re3 Kh3 35. a4 Kg2 36. Rxd3 Rxd3+ 37. Kxd3 Kxg3 38.
Kc4 f5 39. Kb5 f4 40. Ka6 f3 41. Kxa7 f2 42. Kxb6 f1=Q 43. a5 Kxh4 44. a6
g5 45. a7 Qa1 46. Kb7 g4 47. a8=Q Qxa8+ 48. Kxa8 g3 { White resigns } 0-1

[Event "ICC tourney 2532 (25 5)"]
[Site "Internet Chess Club"]
[Date "2021.04.25"]
[Round "7"]
[White "SAUDEK, BEN:K12-17211458"]
[Black "HUA, CHARLES:K12-14763433"]
[Result "0-1"]
[ICCResult "White resigns"]
[WhiteElo "711"]
[BlackElo "2108"]
[Opening "Sicilian: Kan, 5.Nc3"]
[ECO "B43"]
[NIC "SI.41"]
[Time "15:01:42"]
[PlyCount "64"]
[TimeControl "1500+5"]

1. e4 c5 2. Nf3 e6 3. d4 cxd4 4. Nxd4 a6 5. Nc3 Qc7 6. Bd3 Nf6 7. O-O d6 8.
Re1 Nbd7 9. h3 b5 10. b4 Qxc3 11. Nb3 Qc7 12. Qf3 Ne5 13. Qe3 Be7 14. Bb2
Nc6 15. Rad1 Nxb4 16. a3 Nc6 17. Nd4 Bb7 18. Nxc6 Bxc6 19. c4 bxc4 20. Bxc4
Nxe4 21. Bxg7 Rg8 22. Bb2 Nxf2 23. Kxf2 Bh4+ 24. Kf1 Bxg2+ 25. Ke2 Qxc4+
26. Qd3 Qxd3+ 27. Kxd3 Bxe1 28. Rxe1 O-O-O 29. Rc1+ Kd7 30. Rc2 Rg3+ 31.
Kd2 Rc8 32. Rc7+ Rxc7 { White resigns } 0-1

[Event "ICC tourney 2532 (25 5)"]
[Site "Internet Chess Club"]
[Date "2021.04.25"]
[Round "7"]
[White "BRAWER, GRIFFIN:K12-15017121"]
[Black "CRNKOVICH, LEIF:K12-30020685"]
[Result "1/2-1/2"]
[ICCResult "Game drawn by mutual agreement"]
[WhiteElo "1241"]
[BlackElo "634"]
[Opening "King's Indian: London system"]
[ECO "A48"]
[NIC "QP.03"]
[Time "15:00:25"]
[PlyCount "75"]
[TimeControl "1500+5"]

1. d4 Nf6 2. Nf3 g6 3. Bf4 Bg7 4. e3 O-O 5. Bc4 d5 6. Bb3 c6 7. Nc3 Nbd7 8.
Ne2 Re8 9. Ng3 c5 10. c4 cxd4 11. Qxd4 dxc4 12. Bxc4 Nb6 13. Qxd8 Rxd8 14.
Bb3 Nbd5 15. Rd1 Bg4 16. O-O Bxf3 17. gxf3 Nxf4 18. exf4 Ne8 19. Rde1 e6
20. Re2 Nd6 21. Rd1 Nb5 22. Red2 Rxd2 23. Rxd2 Nd4 24. Rd3 Rc8 25. Kg2 Rd8
26. Ne2 Kf8 27. Ba4 Ke7 28. Nxd4 Rxd4 29. Rxd4 Bxd4 30. b3 e5 31. fxe5 Bxe5
32. Bb5 Kd6 33. Bc4 f6 34. h4 g5 35. h5 h6 36. Kh3 Bd4 37. Kg2 Ke5 38. Kg3
{ Game drawn by mutual agreement } 1/2-1/2